 Dungeon Crawl Stone Soup version 0.27.1-34-g3ba077fa99 (webtiles) character file.

Game seed: 2915649528195396407

306 halfoni the Chopper (level 6, 0/48 HPs)
             Began as a Human Berserker on Jan 10, 2022.
             Was a Priest of Trog.
             Slain by 12sPaWn12's ghost (6 damage)
             ... on level 4 of the Dungeon.
             The game lasted 00:05:07 (4648 turns).

halfoni the Chopper (Human Berserker)               Turns: 4648, Time: 00:05:07

Health: 0/48       AC:  9    Str: 20      XL:     6   Next: 67%
Magic:  6/6        EV:  8    Int:  7      God:    Trog [***...]
Gold:   113        SH:  0    Dex: 11 (12) Spells: 5/5 levels left

rFire    . . .     SeeInvis .   a - +0 hand axe
rCold    . . .     Faith    .   (no shield)
rNeg     . . .     Spirit   .   g - +0 chain mail
rPois    .         Reflect  .   (no helmet)
rElec    .         Harm     .   (no cloak)
rCorr    .         Rampage  .   (no gloves)
Will     .....                  (no boots)
Stlth    ..........             (no amulet)
HPRegen  0.16/turn              (no ring)
MPRegen  0.10/turn              (no ring)

@: on berserk cooldown, slowed, very slow
A: no striking features
a: Renounce Religion, Berserk, Trog's Hand


You were on level 4 of the Dungeon.
You worshipped Trog.
Trog was most pleased with you.
You visited 1 branch of the dungeon, and saw 4 of its levels.

You collected 113 gold pieces.

Inventory:

Hand Weapons
 a - a +0 hand axe (weapon)
Armour
 g - a +0 chain mail (worn)
Jewellery
 l - a +6 ring of strength
 m - a ring of magical power
Scrolls
 d - a scroll of summoning {unknown}
 h - a scroll of magic mapping {unknown}
 i - 4 scrolls of teleportation {unknown}
 j - a scroll of identify {unknown}
 k - a scroll of noise {unknown}
 o - a scroll of vulnerability {unknown}
 p - a scroll of enchant armour {unknown}
 q - a scroll of torment {unknown}
Potions
 b - a potion of heal wounds {unknown}
 c - a potion of degeneration {unknown}
 e - a potion of attraction {unknown}
 f - 2 potions of lignification {unknown}
 n - a potion of berserk rage {unknown}
 r - a potion of curing {unknown}


   Skills:
 + Level 3.7 Fighting
 + Level 5.1 Axes
 * Level 4.2 Armour
 + Level 2.3 Dodging


You had 5 spell levels left.
You didn't know any spells.
Your spell library was empty.

Dungeon Overview and Level Annotations

Branches:
Dungeon (4/15)
 Temple: D:4-7

Altars:
Dithmenos
Yredelemnul

Annotations:
D:4 1 transporter, 12sPaWn12's ghost, amateur GrFi


Message History

You are exhausted.
You feel yourself slow down.
You closely miss 12sPaWn12's ghost. 12sPaWn12's ghost closely misses you.
You hit 12sPaWn12's ghost but do no damage. 12sPaWn12's ghost hits you. 12sPaWn12's ghost hits you but does no damage.
You hit 12sPaWn12's ghost but do no damage. 12sPaWn12's ghost barely misses you.
You hit 12sPaWn12's ghost but do no damage. 12sPaWn12's ghost hits you but does no damage. 12sPaWn12's ghost hits you!
You hit 12sPaWn12's ghost. 12sPaWn12's ghost is lightly damaged. 12sPaWn12's ghost hits you! x2
You hit 12sPaWn12's ghost but do no damage. 12sPaWn12's ghost is lightly damaged. 12sPaWn12's ghost hits you but does no damage.
You slash 12sPaWn12's ghost! 12sPaWn12's ghost is moderately damaged. 12sPaWn12's ghost hits you. 12sPaWn12's ghost hits you!
* * * LOW HITPOINT WARNING * * *
You hit 12sPaWn12's ghost. 12sPaWn12's ghost is heavily damaged. 12sPaWn12's ghost hits you but does no damage.
You hit 12sPaWn12's ghost but do no damage. 12sPaWn12's ghost is heavily damaged. 12sPaWn12's ghost misses you. 12sPaWn12's ghost hits you but does no damage.
You hit 12sPaWn12's ghost. 12sPaWn12's ghost is heavily damaged. 12sPaWn12's ghost barely misses you.
You hit 12sPaWn12's ghost. 12sPaWn12's ghost is severely damaged. 12sPaWn12's ghost hits you but does no damage. 12sPaWn12's ghost barely misses you.
You're still recovering from your berserk rage.
You hit 12sPaWn12's ghost. 12sPaWn12's ghost is severely damaged. 12sPaWn12's ghost hits you.
You die...

#.###.©.###.........
#.#.......##........
##.#...#.#..#........
#..#...#.#..#.####.##
#.##.#.....##.# #>#
#.#.#...#..#..## #.#
#.#...#©.=!#©..# #.#
##.##.....#[#...###.#
#..©#.#W@.#.##.#....#
#..##..##.#. #..###.#
#..#...#...#.#.## #.#
#..##....#..##.# #.##
#...##......#..# #..#
#.#..#####.##..# #..#
#.##.....###...####.(####
#.######.............÷...
#.# ##.#.#######....##


You could see 12sPaWn12's ghost.

Vanquished Creatures
  A necrophage (D:4)
  2 quasits (D:4)
  A jelly (D:4)
  3 adders (D:4)
  A shadow imp (D:3)
  A worm (D:4)
  5 dart slugs
  2 orcs (D:3)
  12 ball pythons
  6 endoplasms
  3 giant cockroaches
  5 goblins
  7 hobgoblins
  8 jackals (D:1)
  A quokka (D:1)
  4 bats
  6 frilled lizards
  3 kobolds
  3 rats (D:1)
74 creatures vanquished.

Notes
Turn   | Place    | Note
-------+----------+-------------------------------------------
     0 | D:1      | halfoni the Human Berserker began the quest for the Orb.
     0 | D:1      | Reached XP level 1. HP: 18/18 MP: 1/1
   121 | D:1      | Reached XP level 2. HP: 15/24 MP: 2/2
   484 | D:1      | Reached XP level 3. HP: 18/29 MP: 3/3
  1151 | D:1      | Reached ** piety under Trog
  1573 | D:2      | Reached XP level 4. HP: 33/35 MP: 4/4
  1940 | D:2      | Reached skill level 4 in Axes
  2460 | D:3      | Found a faded altar of an unknown god.
  2589 | D:3      | Found a shadowy altar of Dithmenos.
  3000 | D:3      | Found a basalt altar of Yredelemnul.
  3612 | D:4      | Reached XP level 5. HP: 30/41 MP: 5/5
  4069 | D:4      | Reached *** piety under Trog
  4169 | D:4      | Noticed a necrophage
  4177 | D:4      | Killed a necrophage
  4178 | D:4      | Reached XP level 6. HP: 47/47 MP: 6/6
  4410 | D:4      | Found a transporter.
  4413 | D:4      | Noticed 12sPaWn12's ghost (amateur GrFi)
  4519 | D:4      | Found a transporter.
  4629 | D:4      | Reached skill level 5 in Axes
  4648 | D:4      | Slain by 12sPaWn12's ghost

Illustrated notes

Levels and vault maps discovered:
D:1:      eino_arrival_druids_welcome, layout_basic
D:2:      layout_basic, minmay_quantized
D:3:      layout_basic, nicolae_dithmenos_shadow_blocks,
          mainiacjoe_overflow_boulevard, shapermc_ecumenical_altar_rom_forum,
          minmay_misc_feat_four_crosses, minmay_misc_feat_hallway
D:4:      layout_loops_ring, gammafunk_ghost_stat_death,
          grunt_decor_mini_mirrors

Skill      XL: |  1  2  3  4  5  6 |
---------------+-------------------+-----
Axes           | 4 5 |  5.1
Armour         | 3 4 |  4.2
Fighting       | |  3.7
Dodging        | |  2.3

Action                   |  1- 3 |  4- 6 || total
-------------------------+-------+-------++-------
Melee: Hand axe          |   103 |   137 ||   240
Invok: Berserk           |     2 |     3 ||     5
Armor: Animal skin       |    11 |       ||    11
       Chain mail        |    25 |    94 ||   119
Dodge: Dodged            |    63 |    69 ||   132
